 Dungeon Sprint DCSS version 0.20.1-1-g8b1a95d (console) character file.

10807 bli the Black Belt (level 11, -1/92 HPs)
             Began as a Demonspawn Transmuter on Sept 6, 2017.
             Was the Champion of Jiyva.
             Killed from afar by a crystal guardian (27 damage)
             ... with a crystal bolt
             ... in the Dungeon (Sprint V: "Ziggurat Sprint").
             The game lasted 00:26:58 (851 turns).

bli the Black Belt (Demonspawn Transmuter)           Turns: 851, Time: 00:26:59

Health: -1/92      AC:  4    Str: 12    XL:     11   Next: 41%
Magic:  0/25       EV: 23    Int: 15    God:    Jiyva [******]
Gold:   0          SH:  3    Dex: 29    Spells: 10/26 levels left

rFire    . . .     SeeInvis +     - Unarmed
rCold    . . .     Gourm    .   (no shield)
rNeg     + . .     Faith    .   P - +3 leather armour {rPois}
rPois    +         Spirit   +   (no helmet)
rElec    +         Reflect  +   (no cloak)
rCorr    +         Harm     .   (no gloves)
MR       .....     Clarity  +   (no boots) Stlth ++++++....NoTele +
                                a - amulet of the Nightingale {Reflect rF- rN+ Slay+2 SH+3}
Regen    0.3/turn               R - ring of Laraum {rElec Dex+2 Stlth+}
MPRegen  0.2/turn               y - +6 ring of dexterity

@: very slightly contaminated
A: talons 2, thin skeletal structure 2, agile 1, clarity, fire resistance 1,
high mp 1, screaming 1, acidic bite, eyeballs 3, pseudopods 1, jelly absorbing
missiles, magic shield, flame cloud immunity
a: Request Jelly, Slimify, Cure Bad Mutation, Renounce Religion


You were in the Dungeon.
You worshipped Jiyva.
Jiyva was exalted by your worship.
You were completely stuffed.

You visited 1 branch

Inventory:

Hand Weapons
 M - the +6 shillelagh "Devastator" {shatter}
   (You found it in the Dungeon)
 N - the +7 great mace "Firestarter" {inner flame, rF++}
   (You found it in the Dungeon)

   It has been specially enchanted to burn those struck by it, causing extra
   injury to most foes and up to half again as much damage against particularly
   susceptible opponents.
   It greatly protects you from fire.
 O - the +10 dark maul {crush}
   (You found it in the Dungeon)

   It inflicts extra damage upon your enemies.
Armour
 K - the +15 Maxwell's patent armour {-Cast -Tele rElec MR+ rCorr}
   (You found it in the Dungeon)

   It insulates you from electricity.
   It affects your resistance to hostile enchantments.
   It prevents spellcasting.
   It prevents most forms of teleportation.
   It protects you from acid and corrosion.
 L - the +18 shield of the Gong {rElec rN+ MR+ EV-5}
   (You found it in the Dungeon)

   It affects your evasion (-5).
   It insulates you from electricity.
   It protects you from negative energy.
   It affects your resistance to hostile enchantments.
 P - a +3 leather armour of poison resistance (worn)
Jewellery
 a - the amulet of the Nightingale (around neck) {Reflect rF- rN+ Slay+2 SH+3}
   (You took it off a draconian stormcaller in the Dungeon)

   [amulet of reflection]

   It shields you and reflects attacks.
   It affects your accuracy and damage with ranged weapons and melee attacks
   (+2).
   It makes you vulnerable to fire.
   It protects you from negative energy.
   It affects your SH (+3).
 y - a +6 ring of dexterity (right hand)
 A - a +6 ring of dexterity
 B - a +6 ring of intelligence
 C - a +6 ring of intelligence
 D - a +6 ring of strength
 E - a +6 ring of strength
 R - the ring of Laraum (left hand) {rElec Dex+2 Stlth+}
   (You found it in the Dungeon)

   [ring of stealth]

   It affects your dexterity (+2).
   It insulates you from electricity.
   It makes you more stealthy.
 T - the amulet of Catarchi {+Rage MR+}
   (You found it in the Dungeon)

   [amulet of rage]

   It affects your resistance to hostile enchantments.
   It lets you go berserk.
 U - a +5 amulet of reflection
 Y - the amulet of Giraytuwn {rC+ MR+ Regen+ Dex+2}
   (You found it in the Dungeon)

   [amulet of regeneration]

   It affects your dexterity (+2).
   It protects you from cold.
   It affects your resistance to hostile enchantments.
   It increases your rate of regeneration.
Wands
 F - a wand of disintegration (7/24)
 G - a wand of iceblast (5/15)
 H - a wand of lightning (5/15)
 I - a wand of acid (5/15)
Scrolls
 j - 3 scrolls of blinking
 q - 4 scrolls of amnesia
 r - 3 scrolls of recharging
 s - 7 scrolls of fog
 t - 5 scrolls of identify
 u - 5 scrolls of remove curse
 v - 2 scrolls of fear
 w - a scroll of holy word
Potions
 e - 10 potions of curing
 f - 2 potions of heal wounds
 g - 6 potions of haste
 h - 7 potions of magic
 i - 3 potions of berserk rage
 k - 2 potions of brilliance
 l - 2 potions of invisibility
 m - 4 potions of resistance
 o - 5 potions of agility
 p - 5 potions of might
Books
 b - a book of Frost

   Spells                             Type                      Level
   a - Freeze                         Ice                          1
   b - Throw Frost                    Conjuration/Ice              2
   c - Ozocubu's Armour               Charms/Ice                   3
   d - Throw Icicle                   Conjuration/Ice              4
   e - Summon Ice Beast               Ice/Summoning                4
 c - a book of Changes

   Spells                             Type                      Level
   a - Beastly Appendage              Transmutation                1
   b - Sticks to Snakes               Transmutation                2
   c - Spider Form                    Transmutation/Poison         3
   d - Ice Form                       Ice/Transmutation            4
   e - Blade Hands                    Transmutation                5
 Q - a book of the Sky

   Spells                             Type                      Level
   a - Summon Lightning Spire         Summoning/Air                4
   b - Silence                        Hexes/Air                    5
   c - Deflect Missiles               Charms/Air                   6
   d - Conjure Ball Lightning         Conjuration/Air              6
   e - Tornado                        Air                          9
 S - a book of Alchemy

   Spells                             Type                      Level
   a - Sublimation of Blood           Necromancy                   2
   b - Ignite Poison                  Fire/Transmutation/Poison    3
   c - Petrify                        Transmutation/Earth          4
   d - Alistair's Intoxication        Transmutation/Poison         5
   e - Irradiate                      Conjuration/Transmutation    5
 V - the Reference Book on Ice and the Escort
   (You found it in the Dungeon)

   Spells                             Type                      Level
   a - Call Imp                       Summoning                    2
   b - Ozocubu's Armour               Charms/Ice                   3
   c - Summon Guardian Golem          Hexes/Summoning              3
   d - Summon Lightning Spire         Summoning/Air                4
   e - Summon Hydra                   Summoning                    7
 W - a book of Alchemy

   Spells                             Type                      Level
   a - Sublimation of Blood           Necromancy                   2
   b - Ignite Poison                  Fire/Transmutation/Poison    3
   c - Petrify                        Transmutation/Earth          4
   d - Alistair's Intoxication        Transmutation/Poison         5
   e - Irradiate                      Conjuration/Transmutation    5
 X - a book of the Warp

   Spells                             Type                      Level
   a - Gell's Gravitas                Translocation                3
   b - Portal Projectile              Hexes/Translocation          3
   c - Force Lance                    Conjuration/Translocation    4
   d - Dispersal                      Translocation                6
   e - Controlled Blink               Translocation                8
   f - Disjunction                    Translocation                8
 Z - the Tome of Moulding and Flight
   (You found it in the Dungeon)

   Spells                             Type                      Level
   a - Shock                          Conjuration/Air              1
   b - Static Discharge               Conjuration/Air              3
   c - Silence                        Hexes/Air                    5
   d - Blade Hands                    Transmutation                5
   e - Hydra Form                     Transmutation                6
Miscellaneous
 n - a sack of spiders
 J - a lightning rod (4/4)
Comestibles
 d - 5 bread rations
 x - 42 fruits
 z - 4 meat rations


   Skills:
 * Level 10.6 Fighting
 + Level 2.0 Armour
 * Level 10.9 Dodging
 + Level 5.3 Stealth
 + Level 0.8 Shields
 + Level 16.8 Unarmed Combat
 * Level 8.4 Spellcasting
 * Level 3.0 Conjurations
 * Level 9.0 Transmutations
 * Level 2.6 Poison Magic


You had 10 spell levels left.
You knew the following spells:

 Your Spells              Type           Power        Failure   Level  Hunger
a - Beastly Appendage     Tmut           ####..       1%          1    None
b - Blade Hands           Tmut           ####......   10%         5    #####..
c - Alistair's Intoxicat  Tmut/Pois      ###.....     36%         5    #####..
d - Irradiate             Conj/Tmut      ###.......   34%         5    #####..


Dungeon Overview and Level Annotations

Branches:
Dungeon (1/1)

Altars:
Ashenzari
Cheibriados
Dithmenos
Elyvilon
Fedhas
Gozag
Hepliaklqana
Kikubaaqudgha
Makhleb
Nemelex Xobeh
Okawaru
Qazlal
Ru
Sif Muna
Trog
Uskayaw
Vehumet
Xom
Yredelemnul
Zin
The Shining One
Beogh
Jiyva
Lugonu

Annotations:
D 1 transporter


Innate Abilities, Weirdness & Mutations

You have razor-sharp toenails.
You have a moderately thin skeletal structure. (Dex +4, Stealth+)
Your flesh is heat resistant. (rF+)
When hurt, damage is shared between your health and your magic reserves.
You are immune to clouds of flame.
You are agile. (Dex +2)
You possess an exceptional clarity of mind.
You have an increased reservoir of magic. (+10% MP)
You occasionally shout uncontrollably at your foes.
You have acidic saliva.
Your body is covered in golden eyes which may confuse attackers. (Acc +7, SInv)
Armour fits poorly on your pseudopods.
You have a small jelly attached to you that may absorb incoming projectiles.


Message History

The floor.
Unknown command.
Unknown command.
Blink to where?
Press: ? - help, Dir - move target cursor You are very lightly contaminated with residual magic.
As you read the scroll of blinking, it crumbles to dust.
The crystal guardian glitters, brittle, in the dim dungeon light.
Your acid blob spits acid at the earth elemental.
The splash of acid hits the earth elemental.
The earth elemental is splashed with acid.
The acid corrodes the earth elemental!
You hear a distant slurping noise.
You feel a little less hungry.
You feel your power returning.
You feel better.
Found six items.
Found a transporter.
Your acid blob hits the earth elemental!!
The earth elemental is destroyed!
The crystal guardian fires a crystalline bolt at you.
The crystal bolt freezes you!
You die...

▓.....G... ▓.........
▓.......JG ▓.........
▓....J.... ▓.▓.....▓.
▓.........
▓▓▓▓▓▓▓▓▓▓▓▓▓▓▓▓▓▓▓▓▓▓
▓..J8©8...▓...8©8...▓.
▓..)=|)":.▓.........▓.
▓..[[@:[..▓.........▓.
▓.........▓.........▓.
▓.........▓.........▓.
▓.........▓.........▓.
▓...8.....▓.........▓.
▓..EJ888..▓.......JJ▓.
▓....8....▓.▓)....▓J▓.
▓...†(.(..▓.........▓▓
▓▓▓▓▓▓▓▓▓▓▓▓▓▓▓▓▓▓▓▓▓
∆∆∆∆∆∆∆∆ ∆


You could see 4 iron golems, a crystal guardian, an earth elemental, a neutral
jelly (fellow slime) and a friendly acid blob.

Vanquished Creatures
  A quicksilver dragon (D)
  A tentacled starspawn (D)
  A draconian stormcaller (D)
  A wizard (D)
  A wind drake (shapeshifter) (D)
  A yak (D)
  2 neqoxecs (D)
  A water moccasin (D)
  A porcupine (D)
  2 necrophages (D)
  2 phantoms (D)
  A bullfrog (D)
  2 earth elementals (D)
  A wight (D)
  A crimson imp (D)
  A quasit (D)
  An iguana (D)
  A shadow imp (D)
  2 adder skeletons (D)
  A bat zombie (D)
  A jackal (D)
  A quokka zombie (D)
27 creatures vanquished.

Vanquished Creatures (collateral kills)
  A stone giant (D)
  2 vault guards (D)
  A centaur warrior (D)
  2 dancing weapons (D)
  A thrashing horror (D)
  A deep elf knight (D)
  2 deep elf magi (D)
  An apocalypse crab (D)
  3 yaktaurs (D)
  A queen bee (shapeshifter) (D)
  A ynoxinul (D)
  2 necrophages (D)
  A centaur (D)
  An earth elemental (D)
  2 scorpions (D)
  A wight (D)
  An orc priest (D)
  An iron imp (D)
  An orc wizard (D)
  An orc (D)
  A starspawn tentacle (D)
28 creatures vanquished.

Vanquished Creatures (others)
  A wolf spider (D)
  A queen bee (shapeshifter) (D)
  A yak (shapeshifter) (D)
  An ogre (shapeshifter) (D)
  10 jellies (D)
  A ball python skeleton (D)
  4 starspawn tentacles (D)
19 creatures vanquished.

Grand Total: 74 creatures vanquished

Notes
Turn   | Place    | Note
-------+----------+-------------------------------------------
     0 | D        | bli the Demonspawn Transmuter began the quest for the Orb.
     0 | D        | Reached XP level 1. HP: 15/15 MP: 3/3
     2 | D        | Found a blossoming altar of Fedhas.
     5 | D        | Found a deep blue altar of Sif Muna.
     5 | D        | Found a sacrificial altar of Ru.
     5 | D        | Found a bloodstained altar of Trog.
     5 | D        | Found a stormy altar of Qazlal.
     5 | D        | Found an iron altar of Okawaru.
     5 | D        | Found a sparkling altar of Nemelex Xobeh.
     7 | D        | Found a transporter.
     7 | D        | Found an ancient bone altar of Kikubaaqudgha.
     7 | D        | Found a viscous altar of Jiyva.
     7 | D        | Found a corrupted altar of Lugonu.
     7 | D        | Found a hazy altar of Hepliaklqana.
     7 | D        | Found a burning altar of Makhleb.
     7 | D        | Found an opulent altar of Gozag.
    58 | D        | Became a worshipper of Jiyva Jota the Shapeless
    60 | D        | Reached * piety under Jiyva
    60 | D        | Reached ** piety under Jiyva
    60 | D        | Reached *** piety under Jiyva
    60 | D        | Gained mutation: Your mind is acute. (Int +2) [Jiyva's grace]
    61 | D        | Reached **** piety under Jiyva
    61 | D        | Gained mutation: You have a pair of small horns on your head. [Jiyva's grace]
    63 | D        | Lost mutation: Your mind is acute. (Int +2) [Jiyva's grace]
    63 | D        | Reached ***** piety under Jiyva
    63 | D        | Gained mutation: Potions are less effective at restoring your health. [Jiyva's grace]
    63 | D        | Gained mutation: Your muscles are strong. (Str +2) [Jiyva's grace]
    63 | D        | Reached ****** piety under Jiyva
    66 | D        | Gained mutation: You possess an exceptional clarity of mind. [Jiyva's grace]
    66 | D        | Gained mutation: You passively map a small area around you. [Jiyva's grace]
    68 | D        | Gained mutation: Your body has grown golden eyes which may confuse attackers. (Acc +3) [Jiyva's grace]
    68 | D        | Lost mutation: You possess an exceptional clarity of mind. [Jiyva's grace]
    72 | D        | Gained mutation: You possess an exceptional clarity of mind. [Jiyva's grace]
    72 | D        | Gained mutation: Scrolls take you a little longer to read. [Jiyva's grace]
    72 | D        | Gained mutation: Your mind is acute. (Int +2) [Jiyva's grace]
    72 | D        | Gained mutation: You have acidic saliva. [Jiyva's grace]
    72 | D        | Lost mutation: You passively map a small area around you. [Jiyva's grace]
    73 | D        | Gained mutation: Armour fits poorly on your pseudopods. [Jiyva's grace]
    73 | D        | Gained mutation: You can translocate small distances at will. [Jiyva's grace]
    73 | D        | Lost mutation: You possess an exceptional clarity of mind. [Jiyva's grace]
    76 | D        | Lost mutation: Scrolls take you a little longer to read. [Jiyva's grace]
    81 | D        | Gained mutation: You have a small jelly attached to you that senses nearby items. [Jiyva's grace]
    87 | D        | Lost mutation: You have a pair of small horns on your head. [Jiyva's grace]
    92 | D        | Gained mutation: You are robust. (+10% HP) [Jiyva's grace]
    93 | D        | Lost mutation: Your mind is acute. (Int +2) [Jiyva's grace]
    93 | D        | Lost mutation: Your muscles are strong. (Str +2) [Jiyva's grace]
    93 | D        | Gained mutation: You are agile. (Dex +2) [Jiyva's grace]
    95 | D        | Lost mutation: You are robust. (+10% HP) [Jiyva's grace]
    95 | D        | Gained mutation: You possess an exceptional clarity of mind. [Jiyva's grace]
    95 | D        | Lost mutation: You can translocate small distances at will. [Jiyva's grace]
    95 | D        | Gained mutation: You are covered in fur. (AC +1) [Jiyva's grace]
    95 | D        | Gained mutation: You do not regenerate when monsters are visible. [Jiyva's grace]
    95 | D        | Gained mutation: You have a somewhat thin skeletal structure. (Dex +2, Stealth) [Jiyva's grace]
    95 | D        | Lost mutation: Your body has grown golden eyes which may confuse attackers. (Acc +3) [Jiyva's grace]
    95 | D        | Lost mutation: You possess an exceptional clarity of mind. [Jiyva's grace]
    95 | D        | Gained mutation: You have large cloven feet. [Jiyva's grace]
    95 | D        | Gained mutation: You are somewhat resistant to further mutation. [Jiyva's grace]
   100 | D        | Gained mutation: You are covered in slimy tendrils that may disarm your opponents. [Jiyva's grace]
   103 | D        | Lost mutation: You are covered in slimy tendrils that may disarm your opponents. [Jiyva's grace]
   106 | D        | Gained mutation: You have a pair of small antennae on your head. [Jiyva's grace]
   110 | D        | Lost mutation: You have a small jelly attached to you that senses nearby items. [Jiyva's grace]
   115 | D        | Lost mutation: You have acidic saliva. [Jiyva's grace]
   120 | D        | Lost mutation: You have a pair of small antennae on your head. [Jiyva's grace]
   123 | D        | Lost mutation: Armour fits poorly on your pseudopods. [Jiyva's grace]
   126 | D        | Lost mutation: You are somewhat resistant to further mutation. [Jiyva's grace]
   126 | D        | Gained mutation: You evolve. [Jiyva's grace]
   130 | D        | Gained mutation: You have supernaturally acute eyesight. (SInv) [Jiyva's grace]
   134 | D        | Gained mutation: You are resistant to hostile enchantments. (MR+) [Jiyva's grace]
   142 | D        | Lost mutation: You are agile. (Dex +2) [Jiyva's grace]
   146 | D        | Reached skill level 4 in Unarmed Combat
   146 | D        | Gained mutation: Your flesh is heat resistant. (rF+) [demonic ancestry]
   146 | D        | Reached XP level 2. HP: 25/25 MP: 4/6
   147 | D        | Lost mutation: You do not regenerate when monsters are visible. [Jiyva's grace]
   152 | D        | Gained mutation: Armour fits poorly on your pseudopods. [Jiyva's grace]
   155 | D        | Lost mutation: You are resistant to hostile enchantments. (MR+) [Jiyva's grace]
   159 | D        | Gained mutation: You have very sharp teeth. [Jiyva's grace]
   164 | D        | Lost mutation: Potions are less effective at restoring your health. [Jiyva's grace]
   166 | D        | Gained mutation: Armour fits poorly on your large pseudopods. [Jiyva's grace]
   168 | D        | Lost mutation: You have large cloven feet. [Jiyva's grace]
   170 | D        | Gained mutation: Armour fits poorly on your massive pseudopods. [Jiyva's grace]
   172 | D        | Entered arena 2.
   172 | D        | Noticed a scorpion
   172 | D        | Noticed a scorpion
   172 | D        | Found a transporter.
   177 | D        | Lost mutation: Armour fits poorly on your massive pseudopods. [Jiyva's grace]
   177 | D        | Killed a scorpion
   177 | D        | Reached skill level 5 in Unarmed Combat
   177 | D        | Reached XP level 3. HP: 30/30 MP: 7/7
   179 | D        | Killed a scorpion
   179 | D        | Reached skill level 6 in Unarmed Combat
   180 | D        | Gained mutation: You occasionally shout uncontrollably at your foes. [Jiyva's grace]
   186 | D        | Lost mutation: Armour fits poorly on your large pseudopods. [Jiyva's grace]
   187 | D        | Entered arena 3.
   187 | D        | Found a transporter.
   190 | D        | Lost mutation: You evolve. [Jiyva's grace]
   192 | D        | Mutation became permanent: You have a somewhat thin skeletal structure. (Dex +2, Stealth) [demonic ancestry]
   192 | D        | Gained mutation: You have a somewhat thin skeletal structure. (Dex +2, Stealth) [demonic ancestry]
   192 | D        | Reached XP level 4. HP: 37/38 MP: 9/9
   200 | D        | Gained mutation: Your spells are a little harder to cast, but a little more powerful. [Jiyva's grace]
   207 | D        | Lost mutation: Your spells are a little harder to cast, but a little more powerful. [Jiyva's grace]
   211 | D        | Gained mutation: Your muscles are strong. (Str +2) [Jiyva's grace]
   213 | D        | Gained mutation: You have acidic saliva. [Jiyva's grace]
   214 | D        | Lost mutation: Your muscles are strong. (Str +2) [Jiyva's grace]
   215 | D        | Lost mutation: You have supernaturally acute eyesight. (SInv) [Jiyva's grace]
   215 | D        | Lost mutation: You are covered in fur. (AC +1) [Jiyva's grace]
   217 | D        | Gained mutation: Scrolls take you a little longer to read. [Jiyva's grace]
   217 | D        | Lost mutation: Armour fits poorly on your pseudopods. [Jiyva's grace]
   218 | D        | Lost mutation: Scrolls take you a little longer to read. [Jiyva's grace]
   220 | D        | Entered arena 4.
   220 | D        | Noticed a necrophage
   220 | D        | Noticed a necrophage
   220 | D        | Noticed a phantom
   220 | D        | Lost mutation: You have acidic saliva. [Jiyva's grace]
   220 | D        | Found a transporter.
   222 | D        | Gained mutation: You are weak. (Str -2) [Jiyva's grace]
   222 | D        | Lost mutation: You are weak. (Str -2) [Jiyva's grace]
   223 | D        | Gained mutation: You are robust. (+10% HP) [Jiyva's grace]
   225 | D        | Gained mutation: You can translocate small distances at will. [Jiyva's grace]
   226 | D        | Gained mutation: Your flesh is very heat resistant. (rF++) [Jiyva's grace]
   229 | D        | Gained mutation: You possess an exceptional clarity of mind. [Jiyva's grace]
   230 | D        | Lost mutation: You are robust. (+10% HP) [Jiyva's grace]
   231 | D        | Reached skill level 7 in Unarmed Combat
   231 | D        | Killed a necrophage
   231 | D        | Reached skill level 5 in Fighting
   231 | D        | Reached skill level 8 in Unarmed Combat
   231 | D        | Gained mutation: When hurt, damage is shared between your health and your magic reserves. [demonic ancestry]
   231 | D        | Reached XP level 5. HP: 31/41 MP: 9/11
   232 | D        | Lost mutation: You occasionally shout uncontrollably at your foes. [Jiyva's grace]
   234 | D        | Killed a phantom
   234 | D        | Killed a necrophage
   234 | D        | Reached skill level 9 in Unarmed Combat
   234 | D        | Gained mutation: You are immune to clouds of flame. [demonic ancestry]
   234 | D        | Reached XP level 6. HP: 49/49 MP: 12/12
   235 | D        | Gained mutation: Your translucent skin slightly reduces your foes' accuracy. (Stealth) [Jiyva's grace]
   239 | D        | Gained mutation: You are robust. (+10% HP) [Jiyva's grace]
   241 | D        | Got the ring of Laraum {rElec Dex+2 Stlth+}
   243 | D        | Lost mutation: Your flesh is very heat resistant. (rF++) [Jiyva's grace]
   247 | D        | Gained mutation: You passively map a small area around you. [Jiyva's grace]
   251 | D        | Gained mutation: You are covered in slimy tendrils that may disarm your opponents. [Jiyva's grace]
   256 | D        | Gained mutation: You have acidic saliva. [Jiyva's grace]
   256 | D        | Lost mutation: You can translocate small distances at will. [Jiyva's grace]
   256 | D        | Lost mutation: You possess an exceptional clarity of mind. [Jiyva's grace]
   256 | D        | Gained mutation: You are somewhat resistant to further mutation. [Jiyva's grace]
   257 | D        | Gained mutation: You can translocate small distances at will. [Jiyva's grace]
   257 | D        | Gained mutation: You have sharp toenails. [Jiyva's grace]
   257 | D        | Gained mutation: You have a small jelly attached to you that senses nearby items. [Jiyva's grace]
   257 | D        | Lost mutation: You can translocate small distances at will. [Jiyva's grace]
   257 | D        | Lost mutation: You are covered in slimy tendrils that may disarm your opponents. [Jiyva's grace]
   261 | D        | Lost mutation: You are robust. (+10% HP) [Jiyva's grace]
   262 | D        | Learned a level 5 spell: Blade Hands
   262 | D        | Entered arena 5.
   262 | D        | Noticed a yaktaur
   262 | D        | Noticed a yaktaur
   262 | D        | Noticed a yaktaur
   262 | D        | Found a transporter.
   264 | D        | Lost mutation: You have acidic saliva. [Jiyva's grace]
   268 | D        | Lost mutation: Your translucent skin slightly reduces your foes' accuracy. (Stealth) [Jiyva's grace]
   270 | D        | Killed a yaktaur
   274 | D        | Reached skill level 10 in Unarmed Combat
   276 | D        | Killed a yaktaur
   276 | D        | Reached skill level 5 in Dodging
   276 | D        | Reached skill level 1 in Stealth
   276 | D        | Reached skill level 5 in Spellcasting
   276 | D        | Reached XP level 7. HP: 42/59 MP: 7/14
   277 | D        | Killed a yaktaur
   277 | D        | Reached skill level 11 in Unarmed Combat
   277 | D        | Reached skill level 5 in Transmutations
   278 | D        | Lost mutation: You are somewhat resistant to further mutation. [Jiyva's grace]
   288 | D        | Gained mutation: You are resistant to hostile enchantments. (MR+) [Jiyva's grace]
   303 | D        | Gained mutation: Your muscles are strong. (Str +2) [Jiyva's grace]
   304 | D        | Gained mutation: You possess an exceptional clarity of mind. [Jiyva's grace]
   307 | D        | Gained mutation: You are agile. (Dex +2) [Jiyva's grace]
   307 | D        | Gained mutation: You have a pair of small horns on your head. [Jiyva's grace]
   309 | D        | Lost mutation: Your muscles are strong. (Str +2) [Jiyva's grace]
   309 | D        | Lost mutation: You are agile. (Dex +2) [Jiyva's grace]
   310 | D        | Gained mutation: Your mind is acute. (Int +2) [Jiyva's grace]
   311 | D        | Gained mutation: Your mind is very acute. (Int +4) [Jiyva's grace]
   313 | D        | Entered arena 6.
   313 | D        | Noticed a flail of holy wrath
   313 | D        | Noticed a deep elf mage
   313 | D        | Noticed a deep elf knight
   313 | D        | Noticed a short sword of venom
   313 | D        | Noticed a spriggan
   313 | D        | Gained mutation: Your body has grown golden eyes which may confuse attackers. (Acc +3) [Jiyva's grace]
   313 | D        | Found a transporter.
   314 | D        | Lost mutation: You have sharp toenails. [Jiyva's grace]
   316 | D        | Noticed a hog
   316 | D        | a spriggan changed into a hog
   316 | D        | Gained mutation: You have large cloven feet. [Jiyva's grace]
   318 | D        | Noticed a queen bee
   318 | D        | a hog changed into a queen bee
   319 | D        | Lost mutation: You have very sharp teeth. [Jiyva's grace]
   319 | D        | Killed a deep elf mage
   320 | D        | Killed a flail of holy wrath
   320 | D        | Reached skill level 12 in Unarmed Combat
   320 | D        | Reached XP level 8. HP: 67/67 MP: 16/16
   321 | D        | Killed a short sword of venom
   323 | D        | Killed a queen bee
   324 | D        | Killed a deep elf knight
   324 | D        | Reached skill level 13 in Unarmed Combat
   324 | D        | Lost mutation: You have large cloven feet. [demonic ancestry]
   324 | D        | Gained mutation: You have sharp toenails. [demonic ancestry]
   324 | D        | Reached XP level 9. HP: 74/74 MP: 18/18
   324 | D        | Lost mutation: You possess an exceptional clarity of mind. [Jiyva's grace]
   325 | D        | Lost mutation: Your body has grown golden eyes which may confuse attackers. (Acc +3) [Jiyva's grace]
   327 | D        | Got the amulet of Catarchi {+Rage MR+}
   337 | D        | Lost mutation: Your mind is very acute. (Int +4) [Jiyva's grace]
   349 | D        | Gained mutation: You are frail. (-10% HP) [Jiyva's grace]
   350 | D        | Gained mutation: Your system is resistant to poisons. (rPois) [Jiyva's grace]
   351 | D        | Gained mutation: Potions are less effective at restoring your health. [Jiyva's grace]
   354 | D        | Gained mutation: You can translocate small distances at will. [Jiyva's grace]
   356 | D        | Gained mutation: Your rubbery body absorbs attacks. (AC +1, EV +1) [Jiyva's grace]
   360 | D        | Gained mutation: Armour fits poorly on your pseudopods. [Jiyva's grace]
   361 | D        | Gained mutation: Your translucent skin slightly reduces your foes' accuracy. (Stealth) [Jiyva's grace]
   367 | D        | Gained mutation: You have supernaturally acute eyesight. (SInv) [Jiyva's grace]
   369 | D        | Lost mutation: You are resistant to hostile enchantments. (MR+) [Jiyva's grace]
   373 | D        | Entered arena 7.
   374 | D        | Found a transporter.
   378 | D        | Gained mutation: You have a pair of horns on your head. [Jiyva's grace]
   395 | D        | Lost mutation: You have a pair of horns on your head. [Jiyva's grace]
   406 | D        | Lost mutation: You have supernaturally acute eyesight. (SInv) [Jiyva's grace]
   412 | D        | Identified the Reference Book on Ice and the Escort (You found it in the Dungeon)
   419 | D        | Lost mutation: You have a pair of small horns on your head. [Jiyva's grace]
   425 | D        | Lost mutation: Armour fits poorly on your pseudopods. [Jiyva's grace]
   427 | D        | Gained mutation: You are covered in slimy tendrils that may disarm your opponents. [Jiyva's grace]
   431 | D        | Lost mutation: You passively map a small area around you. [Jiyva's grace]
   431 | D        | Lost mutation: Your mind is acute. (Int +2) [Jiyva's grace]
   439 | D        | Gained mutation: Your flesh is cold resistant. (rC+) [Jiyva's grace]
   444 | D        | Learned a level 5 spell: Alistair's Intoxication
   444 | D        | Entered arena 8.
   444 | D        | Noticed a wizard
   444 | D        | Noticed a vault guard
   444 | D        | Noticed a vault guard
   444 | D        | Noticed a centaur warrior
   444 | D        | Noticed a vault guard
   444 | D        | Noticed a wolf spider
   446 | D        | Found a transporter.
   450 | D        | Killed a centaur warrior
   450 | D        | Reached skill level 14 in Unarmed Combat
   451 | D        | Gained mutation: Your mind is acute. (Int +2) [Jiyva's grace]
   455 | D        | Killed a vault guard
   456 | D        | Killed a wizard
   456 | D        | Killed a wolf spider
   462 | D        | Slimified a vault guard
   462 | D        | a vault guard changed into a slime creature
   465 | D        | Killed a vault guard
   465 | D        | Gained mutation: You have a moderately thin skeletal structure. (Dex +4, Stealth+) [demonic ancestry]
   465 | D        | Reached XP level 10. HP: 30/74 MP: 1/20
   466 | D        | Gained mutation: Your body has grown golden eyes which may confuse attackers. (Acc +3) [Jiyva's grace]
   471 | D        | Lost mutation: Your rubbery body absorbs attacks. (AC +1, EV +1) [Jiyva's grace]
   472 | D        | Gained mutation: You have an unnaturally thin skeletal structure. (Dex +6, Stealth++) [Jiyva's grace]
   472 | D        | Lost mutation: Your mind is acute. (Int +2) [Jiyva's grace]
   472 | D        | Lost mutation: You are covered in slimy tendrils that may disarm your opponents. [Jiyva's grace]
   476 | D        | Identified the Tome of Moulding and Flight (You found it in the Dungeon)
   476 | D        | Lost mutation: You can translocate small distances at will. [Jiyva's grace]
   480 | D        | Lost mutation: Your flesh is cold resistant. (rC+) [Jiyva's grace]
   480 | D        | Gained mutation: You have a small jelly attached to you that may absorb incoming projectiles. [Jiyva's grace]
   589 | D        | Entered arena 9.
   589 | D        | Noticed a purple ugly thing
   592 | D        | Reached skill level 15 in Unarmed Combat
   594 | D        | Slimified a purple ugly thing
   594 | D        | Noticed an azure jelly
   594 | D        | a purple ugly thing changed into an azure jelly
   600 | D        | Lost mutation: Potions are less effective at restoring your health. [Jiyva's grace]
   603 | D        | Lost mutation: You have a small jelly attached to you that may absorb incoming projectiles. [Jiyva's grace]
   605 | D        | Found a transporter.
   620 | D        | Gained mutation: You have a small jelly attached to you that may absorb incoming projectiles. [Jiyva's grace]
   625 | D        | Gained mutation: Your rubbery body absorbs attacks. (AC +1, EV +1) [Jiyva's grace]
   627 | D        | Gained mutation: You have acidic saliva. [Jiyva's grace]
   634 | D        | Gained mutation: You have an increased reservoir of magic. (+10% MP) [Jiyva's grace]
   636 | D        | Gained mutation: You have a pair of small horns on your head. [Jiyva's grace]
   638 | D        | Gained mutation: You have a pair of horns on your head. [Jiyva's grace]
   641 | D        | Gained mutation: Your translucent skin reduces your foes' accuracy. (Stealth) [Jiyva's grace]
   692 | D        | Entered arena 10.
   692 | D        | Gained mutation: You occasionally shout uncontrollably at your foes. [Jiyva's grace]
   692 | D        | Gained mutation: Armour fits poorly on your pseudopods. [Jiyva's grace]
   692 | D        | Lost mutation: You are frail. (-10% HP) [Jiyva's grace]
   692 | D        | Gained mutation: Your body has grown many golden eyes which may confuse attackers. (Acc +5) [Jiyva's grace]
   693 | D        | Found a transporter.
   694 | D        | Lost mutation: Your rubbery body absorbs attacks. (AC +1, EV +1) [Jiyva's grace]
   702 | D        | Entered arena 11.
   706 | D        | Found a transporter.
   736 | D        | Got the amulet of Giraytuwn {rC+ MR+ Regen+ Dex+2}
   749 | D        | Learned a level 5 spell: Irradiate
   754 | D        | Gained mutation: Your body is covered in golden eyes which may confuse attackers. (Acc +7, SInv) [Jiyva's grace]
   757 | D        | Lost mutation: You have a pair of horns on your head. [Jiyva's grace]
   761 | D        | Gained mutation: Your flesh is very heat resistant. (rF++) [Jiyva's grace]
   764 | D        | Lost mutation: Your flesh is very heat resistant. (rF++) [Jiyva's grace]
   767 | D        | Lost mutation: You have a pair of small horns on your head. [Jiyva's grace]
   769 | D        | Lost mutation: You occasionally shout uncontrollably at your foes. [Jiyva's grace]
   771 | D        | Lost mutation: Armour fits poorly on your pseudopods. [Jiyva's grace]
   772 | D        | Entered arena 12.
   772 | D        | Noticed an apocalypse crab
   772 | D        | Noticed a deep elf mage
   772 | D        | Noticed a tentacled starspawn
   772 | D        | Noticed a white draconian stormcaller
   772 | D        | Noticed a thrashing horror
   777 | D        | Lost mutation: You have a small jelly attached to you that senses nearby items. [Jiyva's grace]
   777 | D        | Lost mutation: Your system is resistant to poisons. (rPois) [Jiyva's grace]
   779 | D        | Killed a tentacled starspawn
   780 | D        | Noticed a death drake
   781 | D        | Killed an apocalypse crab
   785 | D        | Killed a deep elf mage
   785 | D        | Reached skill level 10 in Dodging
   785 | D        | Reached skill level 16 in Unarmed Combat
   786 | D        | Killed a thrashing horror
   787 | D        | Lost mutation: Your translucent skin reduces your foes' accuracy. (Stealth) [Jiyva's grace]
   787 | D        | Lost mutation: You have an unnaturally thin skeletal structure. (Dex +6, Stealth++) [Jiyva's grace]
   792 | D        | Reached skill level 10 in Fighting
   792 | D        | Gained mutation: You possess an exceptional clarity of mind. [Jiyva's grace]
   793 | D        | Found a transporter.
   804 | D        | Killed a white draconian stormcaller
   804 | D        | Reached skill level 1 in Armour
   804 | D        | Gained mutation: You have razor-sharp toenails. [demonic ancestry]
   804 | D        | Reached XP level 11. HP: 35/91 MP: 3/25
   805 | D        | Gained mutation: You occasionally shout uncontrollably at your foes. [Jiyva's grace]
   806 | D        | Gained mutation: You sometimes yell uncontrollably at your foes. [Jiyva's grace]
   807 | D        | Got the amulet of the Nightingale {Reflect rF- rN+ Slay+2 SH+3}
   812 | D        | Lost mutation: You sometimes yell uncontrollably at your foes. [Jiyva's grace]
   820 | D        | Gained mutation: Armour fits poorly on your pseudopods. [Jiyva's grace]
   829 | D        | Gained mutation: You are agile. (Dex +2) [Jiyva's grace]
   832 | D        | Entered arena 13.
   832 | D        | Noticed a quicksilver dragon
   832 | D        | Noticed a stone giant
   832 | D        | Noticed an iron golem
   832 | D        | Noticed an iron golem
   832 | D        | Noticed an iron golem
   834 | D        | Noticed an iron golem
   834 | D        | Noticed a crystal guardian
   835 | D        | Killed a quicksilver dragon
   835 | D        | Reached skill level 5 in Stealth
   835 | D        | Lost mutation: Your translucent skin slightly reduces your foes' accuracy. (Stealth) [Jiyva's grace]
   841 | D        | Killed a stone giant
   850 | D        | Found a transporter.
   851 | D        | Killed from afar by a crystal guardian

Skill      XL: |  1  2  3  4  5  6  7  8  9 10 11 |
---------------+----------------------------------+-----
Fighting       | 4 5 6 7 8 9 10 | 10.6
Dodging        | 3 4 5 6 7 9 10 | 10.9
Unarmed Combat | 4 5 6 8 9 10 12 13 14 16 | 16.8
Spellcasting   | 3 4 5 6 8 |  8.4
Transmutations | 3 4 5 6 7 8 9 |  9.0
Stealth        | 1 2 3 4 5 |  5.3
Armour         | 1 2 |  2.0
Conjurations   | 3 |  3.0
Poison Magic   | 2 |  2.6
Shields        | |  0.8

Action                   |  1- 3 |  4- 6 |  7- 9 | 10-12 || total
-------------------------+-------+-------+-------+-------++-------
Melee: Unarmed           |     7 |    15 |    36 |    78 ||   136
       Bite              |     1 |     1 |       |    11 ||    13
       Pseudopods        |     3 |     1 |     5 |    12 ||    21
       Punch             |       |     3 |     4 |    12 ||    19
       Kick              |       |     2 |    13 |    43 ||    58
       Headbutt          |       |       |    10 |     2 ||    12
 Cast: Beastly Appendage |     1 |     1 |     1 |     1 ||     4
       Blade Hands       |       |       |       |     3 ||     3
Invok: Request Jelly     |       |     2 |     3 |     6 ||    11
       Slimify           |       |       |     1 |     1 ||     2
  Use: Potion            |     1 |     1 |     4 |     3 ||     9
       Scroll            |       |       |       |     1 ||     1
 Stab: Sleeping          |       |     1 |       |       ||     1
       Distracted        |       |       |       |     1 ||     1
       Confused          |       |       |       |     1 ||     1
Armor: Robe              |       |     2 |       |     4 ||     6
       Leather armour    |       |       |       |     3 ||     3
Dodge: Dodged            |     4 |    20 |    41 |    93 ||   158
Block: Other             |       |       |       |     1 ||     1
